Match 47040936
Unlisted

Match 47040936
End
Kettenkrad Recon Vehicle
Construct Infanterie Kompanie
Construct Infanterie Kompanie
Selects Terror Battlegroup
Selects Machine Gun Camouflage
MG 42 Machine Gun Team
Forward Retreat Point
Construct Luftwaffe Kompanie
Jäger Squad
Medical Bunker
Jäger Squad
Jäger Squad
Selects Defend the Fatherland
Jäger Squad
Flak 30 Anti-aircraft Gun Team
Construct Panzer Kompanie
Sturmpanzer IV Brummbär
Stoßtruppen Squad
Selects Contempt for the Weak
Selects Propaganda Leaflet Drop
Panzer IV Medium Tank
Selects V1 Rocket Strike
Forward Retreat Point
V1 Rocket Strike
Propaganda Leaflet Drop
Panzer IV Medium Tank
V1 Rocket Strike
V1 Rocket Strike
Panzer IV Medium Tank
-=Thrawn=-
Pinecone grenade
East Flow
士道的直肠好温暖
DJ-DeepN
돈이사라지는마술
Silianu
soiweg
0
0

Comments sign in to comment!

No comments posted yet!